 Dungeon Crawl Stone Soup version 0.24.0-13-gcf9b3192b9 (webtiles) character file.

Game seed: 11584159718417253931, levelgen mode: deterministic

46 Acheron the Charmwright (level 3, -2/21 HPs)
             Began as a Deep Elf Skald on Nov 10, 2019.
             Slain by a gnoll
             ... wielding a +0 halberd
              (11 damage)
             ... on level 3 of the Dungeon.
             The game lasted 00:07:40 (1370 turns).

Acheron the Charmwright (Deep Elf Skald)            Turns: 1370, Time: 00:07:40

Health: -2/21      AC:  3    Str:  8    XL:     3   Next: 44%
Magic:  1/9        EV: 12    Int: 17    God:
Gold:   152        SH:  0    Dex: 15    Spells: 3/8 levels left

rFire    . . .     SeeInvis .   a - +0 falchion
rCold    . . .     Gourm    .   (no shield)
rNeg     . . .     Faith    .   b - +0 leather armour
rPois    .         Spirit   .   (no helmet)
rElec    .         Reflect  .   (no cloak)
rCorr    .         Harm     .   (no gloves)
MR       .....                  (no boots)
Stlth    ++........             (no amulet)
HPRegen  0.07/turn              (no ring)
MPRegen  0.11/turn              (no ring)

@: infused
A: no striking features
a: no special abilities


You were on level 3 of the Dungeon.
You were hungry.

You visited 1 branch of the dungeon, and saw 4 of its levels.

You collected 152 gold pieces.

Inventory:

Hand Weapons
 a - a +0 falchion (weapon)
Missiles
 h - 57 stones (quivered)
Armour
 b - a +0 leather armour (worn)
 m - a +0 ring mail
Jewellery
 p - an uncursed amulet of faith {unknown}
Scrolls
 e - 2 scrolls of blinking
 f - 2 scrolls of identify {unknown}
 g - a scroll of remove curse {unknown}
 i - a scroll of teleportation {unknown}
 n - 2 scrolls of immolation {unknown}
Potions
 c - 2 potions of brilliance {unknown}
 k - a potion of curing {unknown}
 l - 2 potions of resistance {unknown}
 o - a potion of heal wounds {unknown}
 q - a potion of lignification {unknown}
Comestibles
 d - 3 rations
 j - 4 chunks of flesh


   Skills:
 + Level 1.9 Fighting
 * Level 2.1 Long Blades
 + Level 1.2 Armour
 * Level 2.8 Dodging
 * Level 1.5 Stealth
 + Level 3.3 Spellcasting
 + Level 4.6 Charms


You had 3 spell levels left.
You knew the following spells:

 Your Spells              Type           Power        Failure   Level  Hunger
a - Infusion              Chrm           ###.         3%          1    None
b - Shroud of Golubria    Chrm/Tloc      ##....       14%         2    ##.....
c - Song of Slaying       Chrm           ###.....     5%          2    ##.....

Your spell library contained the following spells:

 Spells                   Type           Power        Failure   Level  Hunger
 Regeneration             Chrm/Necr      ##........   28%         3    ###....
 Spectral Weapon          Hex/Chrm       ##......     28%         3    ###....


Dungeon Overview and Level Annotations

Branches:
Dungeon (4/15)
 Temple: D:4-7

Altars:
Elyvilon

Annotations:
D:1 exclusion: downstairs
D:2 Robin


Message History

The gnoll misses you.
You hit the gnoll.
The gnoll is almost dead.
The gnoll hits you with a +0 flail.
A giant cockroach comes into view.
You hit the gnoll.
You kill the gnoll!
Your Armour skill increases to level 1!
Your shroud bends the gnoll's attack away!
The gnoll hits you with a cursed +0 club.
Your shroud falls apart!
You hit the gnoll!
The gnoll is severely wounded.
The gnoll closely misses you.
The gnoll hits you with a cursed +0 club.
You hit the gnoll.
The gnoll is almost dead.
The gnoll hits you from afar with a +0 halberd!
Ouch! That really hurt!
You die...

#.## #.#
####..#####.#
##(..........#
##............##
#..............#
#..............#
#..............#
#..............#
#@g............#
##................
##g............##
#..s.....####....
#.......... ..[.
#.........$ #...
#......##. ...
#......# ...
#........


You could see 2 gnolls and a giant cockroach.

Vanquished Creatures
  A gnoll (D:3)
  A dart slug (D:4)
  3 leopard geckos
  A ball python (D:1)
  3 giant cockroaches
  4 goblins
  3 hobgoblins
  7 bats
  3 frilled lizards
  3 kobolds (D:1)
  2 rats
31 creatures vanquished.

Notes
Turn   | Place    | Note
-------+----------+-------------------------------------------
     0 | D:1      | Acheron the Deep Elf Skald began the quest for the Orb.
     0 | D:1      | Reached XP level 1. HP: 12/12 MP: 6/6
   187 | D:1      | Reached skill level 1 in Stealth
   333 | D:1      | Reached XP level 2. HP: 17/17 MP: 5/8
   889 | D:2      | Learned a level 2 spell: Shroud of Golubria
   892 | D:2      | Learned a level 2 spell: Song of Slaying
   912 | D:2      | Found a white marble altar of Elyvilon.
   933 | D:2      | Noticed Robin
   941 | D:1      | Reached XP level 3. HP: 11/21 MP: 2/9
  1366 | D:3      | Reached skill level 1 in Armour
  1370 | D:3      | Slain by a gnoll

Levels and vault maps discovered:
D:1:      dpeg_arrival_pits, layout_basic, minmay_vboxes
D:2:      layout_rooms, lemuel_crystal_altar, marbit_many_paths,
          chequers_ecumenical_altar_island, uniq_robin
D:3:      layout_rooms, xom_teletrap_fun, nicolae_overflow_hidden_temple,
          fedhas_altar_1
D:4:      layout_cave_pools, minmay_temple_entry_junction, first_ration

Skill      XL: |  1  2  3 |
---------------+----------+-----
Stealth        | 1 |  1.5
Long Blades    | 2 |  2.1
Armour         | 1 |  1.2
Fighting       | |  1.9
Dodging        | |  2.8
Spellcasting   | |  3.3
Charms         | |  4.6

Action                   || total
-------------------------++-------
Melee: Falchion          ||    55
 Cast: Infusion          ||    16
       Shroud of Golubri ||     3
  Use: Scroll            ||     1
 Stab: Sleeping          ||     4
  Eat: Chunk             ||     1
Armor: Leather armour    ||    17
Dodge: Dodged            ||    32
       Rpst.: Falchion   ||     8
